AoeStats
← Goku_San

Black Forest

510138038Analyzed
4v4 RM · 3d ago on Sep 29, 2026· 40m 15s· 8 players
Game mode
Random Map
Map size
Large (8 player)
Population
200
Speed
Normal
Resources
Standard
Victory
Conquest
Starting age
Dark Age
Ending age
Imperial Age
RankedLock teamsTeams togetherTeam positionsShared explorationLock speedFull tech treeHidden civsTurbo modeCheats
Victory
Defeat
🇩🇪 Khmer · Germany
1246
+15
🇮🇹 Franks · Italy
1237
+15
🇮🇳 Bulgarians · India
1180
+18
🇦🇷 Byzantines · Argentina
1161
+19
🇮🇱 Hindustanis · Israel
1310
-20
🇫🇷 Franks · France
1205
-16
🇫🇷 Britons · France
1199
-16
🇨🇳 Portuguese · China
1177
-15
Triple Cheese
2:03 Loom
11:48 Feudal Age
15:45 Castle Age
15:12 Double-Bit Axe
15:09 Horse Collar
18:10 Bow Saw
19:15 Wheelbarrow
25:30 Fortified Wall
29:02 Gold Mining
29:02 Stone Mining
32:01 Imperial Age
30:42 Ballistics
30:15 Fletching
30:25 Padded Archer Armor
31:06 Yeomen
30:51 Town Watch
33:29 Scale Mail Armor
33:40 Forging
33:06 Pikeman
33:46 Squires
36:41 Bodkin Arrow
Blawckdown
1:41 Loom
12:17 Feudal Age
17:04 Castle Age
26:22 Scale Barding Armor
30:53 Double-Bit Axe
31:02 Gold Mining
35:06 Imperial Age
34:23 Chain Barding Armor
35:23 Forging
35:17 Cavalier
37:40 Iron Casting
37:41 Plate Barding Armor
38:13 Wheelbarrow
Goku_San
7:11 Loom
9:43 Feudal Age
10:13 Double-Bit Axe
14:08 Castle Age
15:26 Bow Saw
22:19 Wheelbarrow
21:29 Horse Collar
21:50 Gold Mining
22:28 Stone Mining
23:13 Gold Shaft Mining
24:46 Stone Shaft Mining
24:28 Heavy Plow
26:30 Padded Archer Armor
29:25 Imperial Age
27:20 Hand Cart
28:15 Leather Archer Armor
30:03 Grand Trunk Road
31:10 Chemistry
30:27 Siege Engineers
31:36 Two-Man Saw
32:15 Ring Archer Armor
31:46 Scale Mail Armor
31:56 Forging
31:50 Squires
31:36 Arson
34:13 Chain Mail Armor
34:33 Iron Casting
34:33 Elite Ghulam
35:34 Conscription
36:09 Shatagni
38:03 Blast Furnace
rower56
0:59 Loom
1:36 Loom
13:44 Feudal Age
16:23 Double-Bit Axe
19:48 Castle Age
18:13 Fletching
18:24 Padded Archer Armor
20:12 Stone Mining
20:12 Gold Mining
21:23 Crossbowman
22:19 Bodkin Arrow
24:41 Fervor
26:36 Ballistics
29:46 Wheelbarrow
33:28 Imperial Age
32:35 Wheelbarrow
32:24 Masonry
31:56 Treadmill Crane
32:54 Thumb Ring
33:55 Hand Cart
34:06 Leather Archer Armor
33:51 Scale Mail Armor
35:12 Chemistry
34:04 Arbalester
35:07 Pikeman
37:05 Halberdier
38:56 Block Printing
fastgg
10:22 Feudal Age
13:11 Castle Age
11:00 Double-Bit Axe
11:15 Horse Collar
14:05 Bow Saw
13:58 Heavy Plow
18:43 Stone Mining
18:43 Gold Mining
22:32 Loom
24:56 Wheelbarrow
28:55 Imperial Age
27:23 Hand Cart
27:56 Caravan
29:16 Ballistics
29:04 Capped Ram
29:49 Double Crossbow
30:21 Siege Engineers
30:01 Siege Ram
31:10 Conscription
30:42 Heavy Scorpion
32:45 Chemistry
35:37 Bloodlines
35:27 Husbandry
34:48 Elite Battle Elephant
36:06 Scale Barding Armor
36:11 Forging
37:10 Chain Barding Armor
37:41 Tusk Swords
39:06 Plate Barding Armor
39:07 Iron Casting
39:32 Iron Casting
time0wner
5:12 Loom
9:53 Feudal Age
14:06 Castle Age
14:00 Stone Mining
17:34 Fletching
22:22 Double-Bit Axe
24:23 Bow Saw
27:15 Wheelbarrow
27:03 Stone Mining
27:06 Gold Mining
31:57 Imperial Age
30:39 Hand Cart
30:51 Hand Cart
31:18 Scale Barding Armor
31:24 Forging
32:21 Bodkin Arrow
32:26 Padded Archer Armor
32:49 Chain Barding Armor
33:04 Iron Casting
32:14 Cavalier
33:12 Husbandry
34:40 Paladin
36:38 Husbandry
37:24 Plate Barding Armor
39:34 Blast Furnace
38:40 Husbandry
41:09 Gold Shaft Mining
Fedex087
0:32 Loom
12:13 Feudal Age
14:18 Double-Bit Axe
18:04 Castle Age
16:26 Fletching
17:43 Horse Collar
21:12 Bodkin Arrow
28:09 Forging
31:47 Imperial Age
29:47 Scale Barding Armor
31:24 Wheelbarrow
34:00 Capped Ram
38:04 Hand Cart
AztecKiller2427
7:27 Loom
12:25 Feudal Age
13:30 Double-Bit Axe
13:29 Horse Collar
16:32 Castle Age
17:45 Heavy Plow
18:05 Bow Saw
24:38 Wheelbarrow
26:27 Hand Cart
30:42 Imperial Age
28:32 Squires
28:46 Gambesons
29:03 Scale Mail Armor
29:13 Forging
28:57 Gold Mining
30:05 Chain Mail Armor
31:09 Iron Casting
31:50 Gold Shaft Mining
30:44 Capped Ram
31:57 Plate Mail Armor
32:27 Blast Furnace
32:08 Siege Engineers
31:58 Siege Ram
32:22 Light Cavalry
33:13 Bloodlines
33:03 Husbandry
33:35 Scale Barding Armor
34:35 Chemistry
33:18 Onager
33:23 Pikeman
34:33 Arson
34:53 Siege Onager
34:57 Halberdier
37:19 Masonry
37:30 Ballistics
39:37 Hussar
39:37 Cavalier
40:15 Stirrups
40:41 Conscription
Connection lost

Rejoining the realm…

Still unreachable

The connection could not be restored.

Session expired

The server has moved on; the page needs a fresh start.